Map: Traitor's Exile

Players

Eli

  • Race: Zerg Zerg
  • League: Diamond
  • Spawn Location: 9:00

DrPoopncida

  • Race: Protoss Protoss
  • Spawn Location: 12:00

MonstroTown

  • Race: Terran Terran
  • Spawn Location: 5:00

Michael

  • Race: Zerg Zerg
  • League: Platinum
  • Spawn Location: 6:00

VOD

Have the link to the VOD?

Description

Time

  • Played on: Oct. 12, 2018, 10:47 p.m.
  • Length: 19:17
Show
View Real Time Build Order
Export as new Build Order

Eli Zerg 

Build Orders: Pool First 

Get SALT Encoding   

  12  0:02  Drone  
  13  0:10  Drone  
  14  0:18  Extractor  
  14  0:19  Drone  
  14  0:35  Spawning Pool  
  14  0:39  Drone  
  14  0:49  Overlord  
  14  1:24  Queen  
  16  1:28  Zergling x6  
  19  1:33  Metabolic Boost  
  19  1:43  Zergling x2  
  20  2:03  Hatchery  
  19  2:13  Zergling x2  
  19  2:14  Overlord  
  20  2:24  Zergling x2  
  20  2:41  Zergling x2  
  20  2:42  Zergling x2  
  19  2:55  Zergling x6  
  22  3:07  Queen  
  24  3:21  Zergling x2  
  24  3:22  Zergling x6  
  26  3:50  Zergling x2  
  26  3:51  Zergling x16  
  35  4:12  Zergling x2  
  36  4:17  Overlord  
  36  4:40  Overlord  
  36  4:49  Baneling Nest  
  34  4:58  Queen  
  34  4:59  Drone  
  37  5:00  Drone x3  
  37  5:04  Drone  
  41  5:14  Drone  
  42  5:27  Overlord  
  42  5:30  Overlord  
  42  5:37  Overlord  
  42  5:56  Baneling x6  
  42  5:57  Baneling x2  
  23  6:32  Drone x7  
  27  6:34  Drone  
  28  6:44  Baneling x2  
  28  6:59  Drone x4  
  32  7:02  Drone  
  33  7:08  Drone  
  33  7:09  Drone  
  35  7:26  Drone x3  
  35  7:29  Extractor  
  37  7:31  Extractor  
  37  7:32  Extractor  
  37  7:35  Spore Crawler  
  34  7:37  Overlord x2  
  34  7:47  Drone  
  34  7:48  Drone x3  
  38  7:57  Drone x3  
  41  7:58  Drone  
  42  8:08  Drone x2  
  44  8:19  Drone x3  
  48  8:20  Drone  
  48  8:25  Drone x2  
  48  8:26  Drone  
  51  8:35  Drone x3  
  54  8:55  Drone x6  
  59  8:56  Drone  
  60  9:10  Evolution Chamber, Lair  
  60  9:11  Evolution Chamber  
  58  9:17  Hatchery  
  57  9:26  Drone  
  57  9:27  Drone  
  57  9:29  Drone  
  60  9:42  Hatchery  
  59  9:53  Drone  
  59  9:54  Drone x7  
  67  10:03  Zerg Melee Weapons Level 1, Zerg Ground Armor Level 1  
  67  10:13  Spore Crawler x2  
  65  10:26  Centrifical Hooks  
  65  10:34  Infestation Pit  
  64  10:38  Drone  
  64  10:39  Drone x8  
  64  10:41  Overlord  
  64  10:42  Overlord x5  
  73  10:50  Spore Crawler  
  73  10:51  Spore Crawler  
  73  10:52  Spore Crawler  
  73  10:53  Extractor  
  73  10:54  Extractor, Spore Crawler  
  67  11:01  Drone  
  67  11:02  Drone x7  
  75  11:11  Extractor  
  74  11:12  Extractor  
  74  11:15  Drone  
  74  11:16  Drone x3, Spire  
  76  11:20  Drone  
  76  11:21  Drone x2  
  76  11:22  Drone  
  80  11:28  Drone x5  
  85  11:35  Hive  
  85  11:38  Drone  
  85  11:39  Drone x3  
  89  11:40  Drone  
  90  11:47  Drone x4  
  94  11:55  Zergling x4  
  91  12:13  Spine Crawler x2  
  91  12:14  Spine Crawler x2  
  86  12:16  Spine Crawler  
  86  12:17  Zerg Melee Weapons Level 2, Zerg Ground Armor Level 2  
  86  12:18  Spine Crawler  
  84  12:35  Zergling x2  
  84  12:36  Zergling x26  
  84  12:37  Zergling x4  
  100  12:47  Greater Spire  
  100  12:50  Zergling x14  
  100  12:51  Zergling x2  
  108  12:59  Ultralisk Cavern  
  108  13:01  Baneling x5  
  108  13:02  Baneling x3  
  106  13:26  Overlord x7  
  106  13:40  Overlord x2  
  106  13:43  Corruptor x2  
  106  13:44  Corruptor x8  
  106  13:45  Corruptor x2  
  130  14:00  Queen x3  
  117  14:32  Brood Lord x4  
  117  14:33  Brood Lord x6  
  117  14:34  Brood Lord  
  117  14:37  Brood Lord  
  134  14:42  Drone  
  134  14:43  Drone x4  
  134  14:44  Drone  
  140  15:14  Drone  
  140  15:15  Drone x22  
  163  15:29  Corruptor x3  
  163  15:30  Corruptor  
  167  15:55  Corruptor x9  
  181  15:59  Hatchery  
  152  16:13  Zergling x6  
  140  16:58  Brood Lord x4  
  140  16:59  Brood Lord x2, Overlord, Corruptor  
  140  17:00  Corruptor x7  
  164  17:48  Corruptor x10  
  164  17:50  Hatchery  
  181  18:00  Ultralisk  
  187  18:20  Drone x4  
  187  18:21  Drone x9  
  200  18:49  Extractor  
  200  18:53  Extractor  
Show
View Real Time Build Order
Export as new Build Order

DrPoopncida Protoss 

Build Orders: Nexus First 

Get SALT Encoding   

  12  0:02  Probe  
  13  0:14  Probe  
  14  0:23  Pylon  
  14  0:26  Probe  
  15  0:41  Probe  
  16  1:01  Nexus  
  17  1:04  Probe  
  17  1:16  Probe  
  18  1:28  Probe  
  19  1:37  Gateway  
  19  1:39  Gateway  
  19  1:43  Probe  
  20  1:54  Assimilator  
  20  1:55  Probe  
  20  1:58  Pylon  
  21  2:07  Probe  
  21  2:13  Probe  
  21  2:16  Probe  
  21  2:21  Probe  
  23  2:24  Probe  
  23  2:27  Cybernetics Core  
  25  2:30  Probe  
  25  2:34  Zealot  
  25  2:35  Probe  
  28  2:38  Warp Gate  
  28  2:44  Zealot  
  28  2:46  Probe  
  31  2:55  Probe  
  31  2:56  Assimilator  
  32  3:02  Pylon  
  32  3:08  Probe x2  
  34  3:18  Stalker x2  
  38  3:21  Probe  
  38  3:23  Probe  
  40  3:36  Probe x2  
  42  3:41  Pylon  
  42  3:48  Probe x2  
  44  3:50  Robotics Facility  
  44  3:53  Stalker x2  
  44  4:00  Probe x2  
  50  4:09  Assimilator  
  50  4:12  Probe x2  
  50  4:14  Assimilator  
  52  4:19  Pylon  
  52  4:27  Pylon  
  52  4:33  Gateway  
  52  4:34  Probe  
  52  4:35  Gateway  
  52  4:36  Probe  
  52  4:37  Gateway  
  54  4:42  Immortal  
  54  4:46  Probe  
  59  4:57  Robotics Bay  
  59  5:00  Probe, Pylon  
  59  5:01  Probe  
  61  5:12  Probe  
  61  5:13  Probe  
  63  5:16  Pylon  
  63  5:17  Stalker  
  63  5:19  Observer, Stalker  
  68  5:38  Pylon  
  68  5:43  Probe x2  
  68  5:44  Nexus  
  68  5:48  Pylon  
  70  6:03  Stalker x4  
  78  6:04  Stalker  
  80  6:15  Colossus  
  80  6:17  Extended Thermal Lance  
  80  6:30  Probe x2  
  88  6:42  Probe x2  
  90  6:47  Pylon  
  90  6:50  Pylon  
  90  6:54  Pylon  
  90  6:56  Stalker x2  
  90  6:58  Colossus, Pylon  
  94  7:02  Probe x3  
  97  7:14  Probe x3  
  106  7:26  Probe x3  
  109  7:34  Gateway  
  109  7:35  Gateway  
  109  7:37  Colossus  
  109  7:38  Probe, Gateway  
  109  7:40  Gateway  
  109  7:42  Probe x2  
  109  7:43  Pylon  
  112  7:46  Assimilator  
  112  7:48  Pylon  
  112  7:50  Probe  
  112  7:51  Assimilator  
  113  7:54  Probe  
  113  7:56  Stalker x3  
  113  7:58  Stalker  
  128  8:01  Stalker  
  130  8:20  Colossus  
  130  8:31  Forge, Stalker x3  
  130  8:32  Pylon  
  130  8:33  Forge  
  142  8:35  Pylon  
  142  8:39  Pylon  
  142  8:46  Pylon  
  142  8:55  Protoss Ground Armor Level 1  
  142  9:02  Pylon  
  142  9:04  Pylon  
  142  9:09  Colossus  
  142  9:13  Photon Cannon  
  142  9:16  Photon Cannon  
  148  9:23  Photon Cannon  
  148  9:24  Photon Cannon  
  148  9:27  Photon Cannon x2  
  148  9:30  Photon Cannon  
  148  9:32  Stalker  
  148  9:33  Photon Cannon, Stalker  
  148  9:34  Photon Cannon  
  148  9:35  Pylon  
  151  9:50  Pylon  
  151  9:52  Photon Cannon  
  151  9:54  Photon Cannon  
  151  9:59  Photon Cannon  
  151  10:02  Photon Cannon  
  151  10:06  Nexus  
  151  10:10  Assimilator, Stalker  
  150  10:15  Assimilator  
  144  10:26  Colossus  
  150  10:46  Twilight Council  
  150  10:49  Protoss Ground Weapons Level 1  
  150  11:01  Stalker x6  
  150  11:02  Stalker  
  160  11:10  Colossus  
  154  11:18  Photon Cannon x2  
  154  11:20  Photon Cannon  
  154  11:23  Protoss Ground Armor Level 2  
  160  11:36  Charge  
  160  11:39  Stalker  
  162  11:40  Stalker  
  162  11:41  Stalker  
  166  11:49  Templar Archives  
  166  12:04  Observer  
  165  12:26  Observer  
  150  12:31  Stalker  
  150  12:32  Stalker x7  
  150  12:33  Stalker  
  114  12:43  Observer  
  90  12:47  Protoss Ground Weapons Level 2  
  89  12:58  Colossus  
  89  13:00  Psionic Storm  
  95  13:06  High Templar x5  
  95  13:07  High Templar x2  
  95  13:09  Zealot  
  95  13:10  Zealot  
  109  13:13  Archon x2  
  109  13:14  Archon  
  109  13:31  High Templar x2  
  113  13:41  Gateway  
  113  13:42  Protoss Ground Armor Level 3  
  113  13:43  Gateway  
  113  13:46  Probe x4, Gateway  
  113  13:48  Gateway  
  117  13:51  Colossus, Gateway  
  117  13:53  Gateway  
  123  13:58  Probe x4  
  127  14:10  Archon, Probe x2  
  127  14:12  Nexus, Pylon  
  127  14:15  Pylon  
  111  14:37  Zealot x3  
  111  14:38  Zealot x6  
  112  14:50  Assimilator  
  102  14:54  Assimilator  
  92  15:09  High Templar  
  92  15:10  High Templar x7  
  92  15:11  High Templar  
  92  15:13  Zealot x6  
  122  15:17  Archon x3  
  122  15:18  Archon, Protoss Ground Weapons Level 3  
  122  15:36  Zealot x6  
  134  15:48  Observer  
  135  15:50  High Templar x2  
  135  15:54  Archon  
  139  16:01  Probe x2  
  139  16:02  Probe x3  
  144  16:09  Observer  
  143  16:13  Probe  
  143  16:14  Probe x2  
  143  16:16  Stalker  
  143  16:17  Stalker x6  
  143  16:18  Stalker x3  
  162  16:19  Zealot  
  162  16:20  Zealot x2, Protoss Shields Level 1  
  151  17:00  High Templar x4  
  151  17:01  High Templar x2  
  162  17:03  Zealot x7  
  162  17:04  Zealot x2  
  180  17:12  Archon x3  
  180  17:41  Zealot x2  
  180  17:42  Zealot x6  
  180  17:43  Zealot x3  
  200  17:45  Zealot  
  194  18:09  Zealot x3  
  194  18:10  Zealot x2  
  194  18:11  Zealot  
  194  18:12  Zealot  
  190  18:54  Zealot x3  
  190  18:55  Zealot x4  
Show
View Real Time Build Order
Export as new Build Order

MonstroTown Terran 

Build Orders: MMM Bio 

Get SALT Encoding   

  12  0:01  SCV  
  13  0:13  SCV  
  14  0:18  Supply Depot  
  15  0:28  SCV  
  15  0:40  SCV  
  15  0:41  Barracks  
  16  0:46  Refinery  
  16  0:57  SCV  
  17  1:06  Barracks  
  17  1:10  SCV  
  18  1:30  Reaper  
  18  1:31  Orbital Command  
  19  1:53  Barracks Tech Lab  
  19  2:01  Marine  
  20  2:14  Marauder  
  22  2:15  SCV  
  22  2:19  Supply Depot  
  23  2:41  Reaper x2  
  24  2:50  Refinery  
  24  2:57  SCV  
  24  3:06  Supply Depot  
  24  3:09  SCV  
  24  3:12  Command Center  
  25  3:13  Reaper  
  26  3:22  Marauder  
  28  3:30  Supply Depot  
  28  3:31  Factory  
  26  3:53  Reaper x2  
  25  4:16  Hellion, Barracks x2  
  27  4:28  Barracks Reactor  
  27  4:37  Hellion  
  29  4:39  SCV  
  30  4:46  Bunker  
  30  4:48  Bunker  
  30  4:50  Starport  
  30  4:51  SCV  
  31  4:58  Stimpack  
  31  5:01  Hellion  
  31  5:05  SCV  
  34  5:11  Marine  
  35  5:22  Marine  
  35  5:24  Factory Tech Lab  
  36  5:31  Barracks Reactor  
  36  5:32  Engineering Bay, Barracks Reactor  
  36  5:42  Marauder  
  38  5:44  Siege Tank  
  41  5:58  Marine x2  
  41  6:02  Marine  
  42  6:16  Marine  
  31  6:37  Marine x6  
  31  6:38  Marine  
  38  6:40  SCV  
  39  6:53  Orbital Command  
  40  6:54  SCV, Marine  
  40  6:55  Marine  
  42  7:03  Marine x2  
  42  7:06  SCV  
  45  7:18  SCV  
  45  7:22  SCV  
  47  7:25  Combat Shields, Starport Reactor  
  47  7:30  SCV  
  47  7:34  SCV  
  49  7:39  Marine x2  
  49  7:40  Marine x4  
  49  7:43  SCV  
  56  7:48  Siege Tank  
  59  7:54  SCV  
  59  7:57  Supply Depot  
  60  7:59  Marine  
  60  8:03  Terran Infantry Weapons Level 1  
  61  8:16  SCV  
  61  8:18  SCV, Medivac  
  65  8:28  SCV  
  65  8:30  SCV  
  65  8:33  Medivac  
  69  8:40  Siege Tank  
  72  8:41  Marine  
  72  8:42  Supply Depot, Marine  
  72  8:43  Supply Depot  
  72  8:44  Marine  
  75  8:49  Marine  
  75  8:50  Marine x3  
  79  8:59  Marine  
  80  9:08  SCV x2  
  82  9:15  Marine  
  82  9:16  Marine x5  
  88  9:17  Marine  
  88  9:19  Medivac  
  88  9:20  SCV  
  88  9:21  SCV  
  93  9:33  Marine x2  
  95  9:43  Marine x3  
  95  9:44  Marine x2  
  95  9:45  SCV x2  
  102  9:49  Supply Depot  
  102  9:51  Supply Depot  
  102  9:52  Missile Turret, Supply Depot  
  102  10:11  Marine x2  
  102  10:13  Marine x2  
  102  10:14  SCV, Marine x2  
  107  10:15  SCV  
  110  10:26  SCV  
  110  10:27  SCV  
  103  10:28  Marine  
  103  10:29  Marine  
  105  10:37  Engineering Bay, Armory  
  105  10:38  SCV  
  105  10:39  SCV  
  107  10:47  Terran Infantry Armor Level 1  
  107  10:49  Concussive Shells  
  107  10:51  SCV, Marauder  
  107  10:55  Command Center  
  110  11:06  Viking  
  110  11:07  Viking  
  110  11:08  Marine x2  
  110  11:09  Marine x3  
  118  11:12  Supply Depot  
  118  11:13  Supply Depot, Marauder, Refinery  
  120  11:27  Marine x4  
  120  11:28  Marine x2  
  126  11:34  Marine  
  127  11:45  Command Center, Marine x3  
  129  12:04  Viking x2  
  129  12:06  Marine x5  
  129  12:07  Marine  
  93  12:48  Marine x4  
  93  12:49  Marine x3  
  90  12:59  Planetary Fortress  
  90  13:02  Missile Turret, SCV  
  90  13:03  SCV  
  92  13:06  Marine x5  
  92  13:07  Marine  
  98  13:13  Siege Tank  
  98  13:14  SCV  
  98  13:15  Viking x2  
  106  13:27  SCV  
  106  13:28  SCV  
  106  13:32  Bunker  
  106  13:34  Command Center  
  108  13:37  Marine x4  
  108  13:40  SCV  
  113  13:41  Marine x3  
  116  13:53  Siege Tank, Barracks  
  116  13:54  Medivac x2, Marine, Barracks  
  116  13:55  Marine x3  
  127  13:56  Barracks  
  115  14:24  Viking x2  
  80  14:40  Marine  
  80  14:41  Marine x6  
  80  14:45  Barracks Reactor  
  81  14:46  Barracks Reactor x2  
  77  14:58  Marine x2  
  77  14:59  Viking x2, Marine x5  
  88  15:11  Refinery x2  
  88  15:16  Marine x3  
  88  15:21  Refinery  
  91  15:23  Marine x4  
  91  15:24  Marine x6  
  101  15:40  Marine x3  
  101  15:41  Marine  
  99  15:50  Viking x2  
  99  15:52  Marine x5  
  99  15:53  Marine  
  87  16:20  Viking  
  87  16:21  Marine x6  
  87  16:22  Marine x5  
  87  16:33  Marine x2  
  87  16:36  Thor  
  87  16:38  Viking, Marine  
  87  16:39  Marine x6  
  103  16:40  Marine x2  
  94  17:00  Liberator x2  
  66  17:12  Marine x5  
  66  17:13  Marine x2  
  77  17:29  Marine  
  65  17:48  Marine  
Show
View Real Time Build Order
Export as new Build Order

Michael Zerg 

Build Orders: Pool First, Swarm Host 

Get SALT Encoding   

  12  0:01  Drone  
  13  0:12  Overlord  
  13  0:18  Drone  
  14  0:31  Drone x2  
  14  0:35  Drone  
  17  0:39  Extractor  
  16  0:45  Drone  
  17  0:53  Spawning Pool  
  16  1:03  Drone  
  17  1:07  Drone  
  18  1:32  Hatchery  
  17  1:35  Drone  
  18  1:43  Queen  
  20  1:48  Zergling x2  
  21  1:56  Metabolic Boost  
  21  2:01  Zergling x2  
  22  2:10  Overlord  
  22  2:29  Zergling x6  
  23  2:41  Zergling x2  
  23  2:44  Queen  
  23  2:46  Drone  
  26  2:56  Queen  
  28  3:05  Drone  
  29  3:10  Spine Crawler  
  27  3:29  Drone x5  
  32  3:40  Drone, Spine Crawler  
  32  3:47  Zergling x2  
  33  3:48  Zergling x2  
  33  3:52  Zergling x2  
  35  4:17  Roach Warren  
  35  4:22  Baneling Nest  
  33  4:25  Drone  
  33  4:26  Drone, Spine Crawler x2  
  33  4:29  Drone  
  34  4:33  Drone  
  35  4:40  Overlord  
  35  4:52  Spore Crawler  
  34  4:55  Lair  
  34  5:06  Zergling x2  
  34  5:07  Zergling x6  
  38  5:12  Baneling x3  
  38  5:14  Baneling  
  38  5:20  Drone x2  
  40  5:21  Drone  
  40  5:23  Drone  
  42  5:46  Hatchery  
  33  6:15  Zergling x2  
  33  6:16  Zergling x24  
  44  6:22  Centrifical Hooks  
  44  6:26  Glial Reconstitution  
  44  6:32  Overlord  
  44  6:36  Baneling x4  
  44  6:45  Overlord  
  44  6:56  Drone x5  
  44  6:57  Drone  
  50  7:08  Queen  
  50  7:11  Spore Crawler  
  51  7:27  Extractor, Drone x6, Evolution Chamber  
  54  7:38  Hydralisk Den  
  54  7:40  Burrow  
  54  7:41  Infestation Pit  
  54  7:42  Drone  
  53  7:45  Drone  
  53  7:47  Drone  
  55  7:55  Zerg Ground Armor Level 1  
  55  7:59  Drone x2  
  55  8:00  Drone  
  55  8:02  Drone  
  55  8:04  Drone  
  60  8:12  Drone x3  
  63  8:14  Drone  
  63  8:15  Drone  
  65  8:21  Spine Crawler  
  64  8:30  Muscular Augments  
  64  8:36  Drone  
  64  8:37  Drone  
  64  8:38  Drone, Infestation Pit  
  64  8:39  Overlord x2  
  64  8:40  Overlord  
  66  8:43  Overlord  
  66  8:56  Overlord  
  66  8:58  Drone x7  
  66  8:59  Drone  
  66  9:02  Extractor  
  73  9:03  Extractor, Spore Crawler  
  73  9:08  Spine Crawler  
  70  9:23  Hydralisk x3  
  72  9:25  Hydralisk  
  78  9:38  Hatchery  
  77  9:49  Zerg Missile Weapons Level 1  
  77  9:52  Hive  
  77  9:53  Swarm Host  
  77  9:58  Queen x2  
  90  10:25  Swarm Host  
  96  10:33  Extractor, Drone x2, Queen  
  96  10:34  Extractor, Drone  
  99  10:36  Drone x3  
  102  10:47  Overlord  
  102  10:48  Overlord x6  
  102  10:49  Overlord x2  
  103  11:14  Grooved Spines  
  103  11:17  Lurker Den  
  102  11:23  Swarm Host  
  102  11:24  Zergling x22  
  102  11:25  Zergling x28  
  130  11:30  Queen  
  132  11:35  Swarm Host  
  117  12:15  Spire  
  96  12:36  Hydralisk x5  
  96  12:37  Hydralisk  
  106  12:38  Zergling x4  
  106  12:39  Zergling x22  
  108  13:20  Overseer x2  
  108  13:22  Adaptive Talons  
  108  13:28  Lurker  
  109  13:38  Drone x2  
  109  13:39  Drone  
  112  13:52  Hydralisk x3  
  112  13:53  Hydralisk x6  
  112  13:54  Hydralisk x2  
  137  14:03  Greater Spire  
  137  14:18  Hydralisk x2  
  137  14:19  Hydralisk x5  
  100  14:39  Hydralisk x9  
  118  14:57  Hydralisk  
  118  14:58  Hydralisk x2  
  116  15:11  Drone  
  111  15:18  Corruptor x2  
  115  15:36  Corruptor  
  115  15:37  Corruptor  
  116  15:49  Corruptor  
  116  15:53  Zergling x26  
  116  15:54  Zergling x4  
  133  16:04  Corruptor  
  98  16:45  Spore Crawler  
  89  16:47  Spore Crawler x2  
  89  16:50  Spore Crawler  
  89  16:52  Spore Crawler  
  81  16:57  Corruptor x6  
  93  17:03  Spore Crawler  
  93  17:05  Spore Crawler  
  93  17:08  Spore Crawler  
  90  17:15  Corruptor x2  
  94  17:32  Corruptor x3  
  100  17:52  Brood Lord  
  102  18:18  Brood Lord x2  
  106  18:22  Corruptor  
  106  18:23  Corruptor  
Tags
 
Add a new tag
Caveats
  • Supply blocks, unpowered buildings, or Contaminate may cause inaccurate times.
  • Supply counts are checked every 10 seconds.